 Dungeon Crawl Stone Soup version 0.31-a0-216-g22e908daa7 (webtiles) character file.

Game seed: 17629674676506053693

204 qw the Shooter (level 5, -2/45 HPs)
             Began as a Minotaur Hexslinger on July 1, 2023.
             Killed from afar by an orc wizard (7 damage)
             ... with a puff of flame
             ... on level 4 of the Dungeon.
             The game lasted 00:00:58 (2589 turns).

qw the Shooter (Minotaur Hexslinger)                Turns: 2589, Time: 00:00:58

Health: -2/45      AC:  5    Str: 13    XL:     5   Next: 52%
Magic:  5/5        EV: 11    Int: 10    God:
Gold:   148        SH:  0    Dex: 14    Spells: 5/6 levels left

rFire   . . .        Y - +2 sling (flame)
rCold   . . .        (no shield)
rNeg    . . .        f - +0 ring mail
rPois   .            (helmet restricted)
rElec   .            (no cloak)
rCorr   +            (no gloves)
SInv    .            (no boots)
Will    .....        (no amulet)
Stlth   +            i - ring of resist corrosion
HPRegen 0.27/turn    (no ring)
MPRegen 0.09/turn

%: no passive effects
@: no status effects
A: horns 2, retaliatory headbutt
a: no special abilities


You were on level 4 of the Dungeon.
You visited 1 branch of the dungeon, and saw 4 of its levels.

You collected 148 gold pieces.


Innate Abilities, Weirdness & Mutations

You have a pair of horns on your head.
You reflexively headbutt those who attack you in melee.


   Skills:
 - Level 3.1 Fighting
 + Level 5.5 Ranged Weapons
 - Level 1.3 Armour
 - Level 2.1 Dodging
 - Level 1.0 Spellcasting
 - Level 2.0 Hexes


You had 5 spell levels left.
You knew the following spells:

 Your Spells              Type           Power      Damage    Failure   Level
a - Slow                  Hex            16%        N/A       32%         1

Your spell library contained the following spells:

 Spells                   Type           Power      Damage    Failure   Level
 Inner Flame              Hex/Fire       2%         N/A       82%         3
 Portal Projectile        Hex/Tloc       4%         N/A       82%         3
 Cause Fear               Hex            2%         N/A       97%         4

Inventory:

Hand Weapons
 Y - a +2 sling of flaming (weapon)
Armour
 f - a +0 ring mail (worn)
 h - a +0 pair of gloves
Jewellery
 i - a ring of resist corrosion (left hand)
Scrolls
 d - a scroll of identify
 m - a scroll of teleportation
Potions
 a - 2 potions of enlightenment
 b - a potion of lignification {unknown}
 c - a potion of degeneration {unknown}
 g - a potion of mutation {unknown}
 j - a potion of cancellation {unknown}
 l - a potion of haste {unknown}

Dungeon Overview and Level Annotations

Branches:
Dungeon (4/15)
 Temple: D:4-7

Altars:
Ashenzari
Nemelex Xobeh
Uskayaw
Xom
Zin
The Shining One


Message History

A puff of flame appears from out of thin air!
The puff of flame hits you!
You shoot a sling bullet. Something hits you but does no damage.
You shoot a sling bullet. Something hits you.
You shoot a sling bullet. Something hits you but does no damage.
You hear some strange, mumbled words.
A puff of flame appears from out of thin air!
The puff of flame hits you.
You shoot a sling bullet. Something hits you but does no damage.
You shoot a sling bullet. Something hits you.
You shoot a sling bullet. Something hits you but does no damage.
Something hits you.
You shoot a sling bullet.
You feel less confused. Something hits you.
You shoot a sling bullet. Something hits you but does no damage.
You shoot a sling bullet. Something hits you but does no damage.
You shoot a sling bullet. Something hits you but does no damage.
Something hits you.
You shoot a sling bullet. Something hits you.
You shoot a sling bullet. Something hits you but does no damage.
You shoot a sling bullet. Something hits you but does no damage.
You shoot a sling bullet. Something hits you but does no damage.
You shoot a sling bullet. Something hits you but does no damage.
You hear some strange, mumbled words.
A puff of flame appears from out of thin air!
The puff of flame hits you!
You die...

#. .. .#
######.####
.........#
........#
#)......#
#@{)....#.
#.<....)..
########.......#.
.................
################.


There were no monsters in sight!

Vanquished Creatures
  2 orc priests (D:3)
  Natasha (D:1)
  4 adders (D:2)
  2 worms
  9 orcs
  10 endoplasms
  4 giant cockroaches
  4 goblins
  5 hobgoblins
  4 jackals
  4 kobolds (D:1)
  A quokka (D:3)
  2 ball pythons
  4 bats
  3 frilled lizards (D:3)
  9 rats
68 creatures vanquished.

Notes
Turn   | Place    | Note
-------+----------+-------------------------------------------
     0 | D:1      | qw the Minotaur Hexslinger began the quest for the Orb.
     0 | D:1      | Reached XP level 1. HP: 16/16 MP: 1/1
     0 | D:1      | 0 ||| qw: Version: 0.3-a-35-g05ef00e
     0 | D:1      | 0 ||| qw: Game counter: 7769
     0 | D:1      | 0 ||| qw: Melee chars always use a shield: true
     0 | D:1      | 0 ||| qw: God list: Okawaru
     0 | D:1      | 0 ||| qw: Allow faded altars: false
     0 | D:1      | 0 ||| qw: Do Orc after clearing Dungeon:15 true
     0 | D:1      | 0 ||| qw: Do second Lair branch before Depths: true
     0 | D:1      | 0 ||| qw: Lair rune preference: random
     0 | D:1      | 0 ||| qw: Goals: Normal
     0 | D:1      | 0 ||| PLANNING D:1-11
   130 | D:1      | 130 ||| SWAPPING to +2 sling of flaming.
   131 | D:1      | 131 ||| DROPPING +1 sling.
   163 | D:1      | Reached skill level 3 in Ranged Weapons
   164 | D:1      | Reached XP level 2. HP: 23/23 MP: 2/2
   685 | D:1      | 685 ||| UPGRADING to +0 ring mail.
   695 | D:1      | 695 ||| DROPPING +0 robe.
   696 | D:1      | 696 ||| READING scroll labelled QIDDOL YGAJEOG.
   701 | D:1      | 701 ||| READING 2 scrolls labelled URUIFE IZXAJUK.
   702 | D:1      | 702 ||| READING 3 scrolls labelled DOTIBLEBOI.
   703 | D:1      | 703 ||| DROPPING scroll of poison.
   704 | D:1      | 704 ||| DROPPING 2 scrolls of vulnerability.
   730 | D:2      | Reached XP level 3. HP: 29/29 MP: 3/3
   731 | D:2      | Noticed Natasha
   732 | D:2      | 732 ||| FLEEEEING.
   733 | D:2      | 733 ||| FLEEEEING.
   737 | D:2      | 737 ||| STAIRDANCE
   743 | D:1      | Killed Natasha
   744 | D:1      | Reached skill level 4 in Ranged Weapons
   856 | D:2      | Reached skill level 1 in Armour
   893 | D:2      | Reached XP level 4. HP: 36/36 MP: 4/4
  1455 | D:2      | 1455 ||| UPGRADING to ring of resist corrosion.
  1456 | D:2      | 1456 ||| READING 2 scrolls labelled ZOCLIOF JOKOTS.
  1457 | D:2      | 1457 ||| READING 2 scrolls of identify.
  1457 | D:2      | 1457 ||| IDENTIFYING viscous ruby potion
  1458 | D:2      | 1458 ||| DROPPING scroll of summoning.
  1511 | D:3      | Found a broken altar of Ashenzari.
  1621 | D:3      | Found a hide-covered altar of Uskayaw.
  1707 | D:3      | Reached skill level 5 in Ranged Weapons
  1707 | D:3      | Reached XP level 5. HP: 24/41 MP: 5/5
  1730 | D:3      | 1730 ||| FLEEEEING.
  1939 | D:3      | Found a glowing golden altar of the Shining One.
  1957 | D:3      | Found a glowing silver altar of Zin.
  1962 | D:3      | Found a sparkling altar of Nemelex Xobeh.
  2186 | D:3      | Reached skill level 3 in Fighting
  2393 | D:3      | Found a shimmering altar of Xom.
  2416 | D:3      | 2416 ||| DRINKING 2 glowing inky potions.
  2520 | D:3      | 2520 ||| DROPPING potion of berserk rage.
  2577 | D:4      | HP: 9/45 [something/puff of flame (5)]
  2584 | D:4      | HP: 4/45 [something (3)]
  2589 | D:4      | Killed from afar by an orc wizard

Levels and vault maps discovered:
D:1:      dpeg_arrival_simpleton_c, layout_basic
D:2:      layout_loops_ring, uniq_natasha
D:3:      layout_basic, tgw_xom, mainiacjoe_overflow_small_starburst,
          mainiacjoe_overflow_cross_hatched, grunt_temple_overflow_open
D:4:      layout_rooms, kennysheep_big_empty_room

Skill      XL: |  1  2  3  4  5 |
---------------+----------------+-----
Ranged Weapons | 3 4 5 |  5.5
Fighting       | 2 3 |  3.1
Armour         | 1 |  1.3
Dodging        | |  2.1
Spellcasting   | |  1.0
Hexes          | |  2.0

Action                     |  1- 3 |  4- 6 || total
---------------------------+-------+-------++-------
   Fire: Sling             |    73 |   145 ||   218
    Use: Scroll            |     3 |     2 ||     5
         Potion            |       |     1 ||     1
 Armour: Robe              |     2 |       ||     2
         Ring mail         |     5 |    49 ||    54
  Dodge: Dodged            |    23 |    32 ||    55

Table legend:
 A = Non-vault XP
 B = Vault XP
 C = Vault XP percentage of total XP
 D = Non-vault monster count
 E = Vault monster count
 F = Vault count percentage of total count
                 A         B        C        D         E       F
            +---------+---------+-------+---------+---------+-------
      Total |     247 |      45 |  15.4 |      61 |       7 |  10.3
            +---------+---------+-------+---------+---------+-------
        D:1 |      39 |      35 |  47.3 |      23 |       1 |   4.2
        D:2 |      75 |       0 |   0.0 |      15 |       0 |   0.0
        D:3 |     124 |      10 |   7.5 |      20 |       6 |  23.1
        D:4 |       9 |       0 |   0.0 |       3 |       0 |   0.0
            +---------+---------+-------+---------+---------+-------
